 Dungeon Crawl Stone Soup version 0.22-a0-346-ga714374 (webtiles) character file.

101 xccam the Fighter (level 4, 0/67 HPs)
             Began as a Gnoll Wanderer on Apr 6, 2018.
             Slain by Natasha (5 damage)
             ... on level 4 of the Dungeon.
             The game lasted 00:02:21 (1851 turns).

xccam the Fighter (Gnoll Wanderer)                  Turns: 1851, Time: 00:02:21

Health: 0/67       AC: 22    Str: 15    XL:     4   Next: 75%
Magic:  6/6        EV:  2    Int: 19    God:
Gold:   119        SH:  0    Dex: 15    Spells: 5/5 levels left

rFire    + . .     SeeInvis .   a - +2 hand axe
rCold    + . .     Gourm    .   (no shield)
rNeg     + + +     Faith    .   (armour currently unavailable)
rPois    +         Spirit   .   (helmet currently unavailable)
rElec    +         Reflect  .   (cloak currently unavailable)
rCorr    +         Harm     .   (gloves currently unavailable)
MR       .....     NoTele   +   (boots currently unavailable)
Stlth    ++........             (no amulet)
HPRegen  0.21/turn              (no ring)
MPRegen  0.10/turn              (no ring)

@: brilliant, tree-form, resistant, slowed, very slow
A: distributed training, strong nose
a: no special abilities


You were on level 4 of the Dungeon.
You were very hungry.
You were a tree.
You visited 1 branch of the dungeon, and saw 4 of its levels.

You collected 119 gold pieces.

Inventory:

Hand Weapons
 a - a +2 hand axe (weapon)
Armour
 b - a +0 ring mail (melded)
Scrolls
 f - a scroll of magic mapping {unknown}
 g - 3 scrolls of identify {unknown}
 i - a scroll of blinking {unknown}
 j - a scroll of teleportation {unknown}
 k - 2 scrolls of fog {unknown}
 m - 2 scrolls of remove curse {unknown}
Potions
 c - a potion of lignification
Comestibles
 d - 5 rations


   Skills:
 + Level 8.6 Fighting
 + Level 1.2 Short Blades
 + Level 1.2 Long Blades
 + Level 4.7 Axes
 + Level 1.2 Maces & Flails
 + Level 1.2 Polearms
 + Level 1.2 Staves
 + Level 1.2 Slings
 + Level 1.2 Bows
 + Level 1.2 Crossbows
 + Level 2.8 Throwing
 + Level 4.7 Armour
 + Level 1.2 Dodging
 + Level 1.2 Stealth
 + Level 1.2 Shields
 + Level 1.2 Unarmed Combat
 + Level 1.2 Spellcasting
 + Level 1.0 Conjurations
 + Level 1.0 Hexes
 + Level 1.0 Charms
 + Level 1.0 Summonings
 + Level 1.0 Necromancy
 + Level 1.0 Translocations
 + Level 1.0 Transmutations
 + Level 1.0 Fire Magic
 + Level 1.0 Ice Magic
 + Level 1.0 Air Magic
 + Level 1.0 Earth Magic
 + Level 1.0 Poison Magic
 + Level 1.3 Invocations
 + Level 2.8 Evocations


You had 5 spell levels left.
You didn't know any spells.

Dungeon Overview and Level Annotations

Branches:
Dungeon (4/15)
 Temple: D:4-7

Altars:
Gozag
Qazlal

Annotations:
D:4 Natasha


Innate Abilities, Weirdness & Mutations

Your experience applies equally to all skills.
((You have very sharp teeth.))
Your uncanny sense of smell can sniff out nearby items.


Message History

You closely miss Natasha.
Natasha is moderately wounded.
You hit the howler monkey but do no damage.
You hit the giant cockroach. You closely miss the worker ant.
You hit the ogre but do no damage.
The howler monkey hits you but does no damage.
The worker ant bites you but does no damage.
The giant cockroach bites you but does no damage.
Natasha claws you but does no damage. The ogre hits you but does no damage.
The howler monkey hits you but does no damage.
The worker ant completely misses you.
The giant cockroach bites you but does no damage.
A gnoll comes into view. It is wielding a spear.
You hit Natasha but do no damage.
Natasha is moderately wounded.
You hit the howler monkey. You hit the giant cockroach.
You kill the giant cockroach!
You hit the worker ant but do no damage.
You hit the ogre but do no damage. Natasha claws you.
You die...

....##
...=.
g....
...# #
#.S#
#.#gg#
#...h##
#a♣h# ∆
#..O...#
#...#..#
##### .#
∆ # ∆


You could see an ogre, a howler monkey, a worker ant, Natasha, 3 gnolls and an
adder.

Vanquished Creatures
  3 adders (D:2)
  An ooze (D:1)
  3 worms (D:2)
  A dart slug (D:1)
  A leopard gecko (D:3)
  5 orcs (D:3)
  A bat (D:2)
  4 giant cockroaches
  8 hobgoblins
  4 jackals (D:1)
  9 kobolds
  A ball python (D:1)
  2 frilled lizards (D:1)
  4 goblins
  5 rats
52 creatures vanquished.

Notes
Turn   | Place    | Note
-------+----------+-------------------------------------------
     0 | D:1      | xccam the Gnoll Wanderer began the quest for the Orb.
     0 | D:1      | xccam set off with: a +2 hand axe, a +0 ring mail, a potion of lignification, a ration
     0 | D:1      | Reached XP level 1. HP: 26/26 MP: 2/2
   124 | D:1      | Reached XP level 2. HP: 33/33 MP: 3/3
   324 | D:1      | Reached XP level 3. HP: 34/38 MP: 4/4
   883 | D:2      | Reached skill level 1 in Invocations
   925 | D:2      | Reached skill level 1 in Short Blades
   925 | D:2      | Reached skill level 1 in Long Blades
   925 | D:2      | Reached skill level 1 in Maces & Flails
   925 | D:2      | Reached skill level 1 in Polearms
   925 | D:2      | Reached skill level 1 in Staves
   925 | D:2      | Reached skill level 1 in Slings
   925 | D:2      | Reached skill level 1 in Bows
   925 | D:2      | Reached skill level 1 in Crossbows
   925 | D:2      | Reached skill level 1 in Dodging
   925 | D:2      | Reached skill level 1 in Stealth
   925 | D:2      | Reached skill level 1 in Shields
   925 | D:2      | Reached skill level 1 in Unarmed Combat
   925 | D:2      | Reached skill level 1 in Spellcasting
   925 | D:2      | Reached XP level 4. HP: 41/45 MP: 4/6
  1007 | D:2      | Found an opulent altar of Gozag.
  1129 | D:2      | Found a stormy altar of Qazlal.
  1452 | D:3      | Reached skill level 1 in Conjurations
  1452 | D:3      | Reached skill level 1 in Hexes
  1452 | D:3      | Reached skill level 1 in Charms
  1452 | D:3      | Reached skill level 1 in Summonings
  1452 | D:3      | Reached skill level 1 in Necromancy
  1452 | D:3      | Reached skill level 1 in Translocations
  1452 | D:3      | Reached skill level 1 in Transmutations
  1452 | D:3      | Reached skill level 1 in Fire Magic
  1452 | D:3      | Reached skill level 1 in Ice Magic
  1452 | D:3      | Reached skill level 1 in Air Magic
  1452 | D:3      | Reached skill level 1 in Earth Magic
  1452 | D:3      | Reached skill level 1 in Poison Magic
  1842 | D:4      | Noticed Natasha
  1842 | D:4      | Noticed an ogre
  1851 | D:4      | Slain by Natasha

Vault maps used:
D:1:      evilmike_arrival_rings, minmay_misc_feat_iff
D:2:      grunt_gozag_breadcrumbs, nicolae_qazlal_general_emergency
D:4:      overflow_temple_1_default, uniq_natasha, uniq_ijyb

Skill      XL: |  1  2  3  4 |
---------------+-------------+-----
Invocations    | 1 |  1.3
Short Blades   | 1 |  1.2
Long Blades    | 1 |  1.2
Maces & Flails | 1 |  1.2
Polearms       | 1 |  1.2
Staves         | 1 |  1.2
Slings         | 1 |  1.2
Bows           | 1 |  1.2
Crossbows      | 1 |  1.2
Dodging        | 1 |  1.2
Stealth        | 1 |  1.2
Shields        | 1 |  1.2
Unarmed Combat | 1 |  1.2
Spellcasting   | 1 |  1.2
Conjurations   | 1 |  1.0
Hexes          | 1 |  1.0
Charms         | 1 |  1.0
Summonings     | 1 |  1.0
Necromancy     | 1 |  1.0
Translocations | 1 |  1.0
Transmutations | 1 |  1.0
Fire Magic     | 1 |  1.0
Ice Magic      | 1 |  1.0
Air Magic      | 1 |  1.0
Earth Magic    | 1 |  1.0
Poison Magic   | 1 |  1.0
Fighting       | |  8.6
Axes           | |  4.7
Throwing       | |  2.8
Armour         | |  4.7
Evocations     | |  2.8

Action                   |  1- 3 |  4- 6 || total
-------------------------+-------+-------++-------
Melee: Hand axe          |    68 |    53 ||   121
       Bite              |     5 |     5 ||    10
  Use: Potion            |       |     5 ||     5
  Eat: Chunk             |       |     2 ||     2
Armor: Ring mail         |    23 |    14 ||    37
       Skin              |       |    27 ||    27
Dodge: Dodged            |    32 |    33 ||    65

Table legend:
 A = Spawn XP
 B = Non-spawn XP
 C = Spawn XP percentage of total XP
 D = Spawn monster count
 E = Non-spawn monster count
 F = Spawn count percentage of total count
 G = Total turns spent on level
                    A         B        C        D         E        F      G
               +---------+---------+-------+---------+---------+-------+---------
         Total |       0 |     145 |   0.0 |       0 |      52 |   0.0 |  1851
               +---------+---------+-------+---------+---------+-------+---------
           D:1 |       0 |      55 |   0.0 |       0 |      31 |   0.0 |   841
           D:2 |       0 |      64 |   0.0 |       0 |      11 |   0.0 |   580
           D:3 |       0 |      24 |   0.0 |       0 |       9 |   0.0 |   421
           D:4 |       0 |       2 |   0.0 |       0 |       1 |   0.0 |     9
               +---------+---------+-------+---------+---------+-------+---------
